Map: AVEX - Botanical

Players

SHIN

  • Race: Zerg Zerg
  • League: Grandmaster
  • Spawn Location: 11:00

VITMaru (Maru) - Winner!

  • Race: Terran Terran
  • Spawn Location: 5:00

VOD

Have the link to the VOD?

Description

Time

  • Played on: Dec. 13, 2025, 4:04 a.m.
  • Length: 9:28
Show
View Real Time Build Order
Export as new Build Order

SHIN Zerg 

Build Orders: Hatch First 

Get SALT Encoding   

  12  0:00  Drone  
  13  0:07  Drone  
  14  0:15  Extractor  
  14  0:16  Drone  
  15  0:22  Overlord  
  15  0:40  Drone  
  16  0:45  Hatchery  
  16  0:49  Drone  
  16  0:53  Drone  
  17  0:57  Drone  
  18  1:08  Extractor  
  17  1:12  Spawning Pool  
  17  1:15  Drone  
  17  1:18  Drone  
  18  1:26  Drone  
  19  1:37  Drone  
  20  1:48  Drone  
  21  1:58  Queen  
  21  1:59  Queen, Zergling x2  
  21  2:00  Zergling x2  
  27  2:09  Overlord  
  27  2:10  Drone  
  27  2:14  Metabolic Boost  
  28  2:28  Drone x2  
  30  2:30  Drone  
  30  2:31  Drone  
  32  2:37  Queen  
  32  2:40  Overlord  
  32  2:42  Drone  
  35  2:51  Drone  
  36  3:00  Drone  
  36  3:02  Drone  
  36  3:04  Drone  
  39  3:07  Drone x2  
  39  3:08  Drone  
  39  3:12  Hatchery  
  41  3:16  Drone x2  
  43  3:22  Lair  
  43  3:27  Overlord  
  43  3:30  Drone  
  44  3:44  Queen, Extractor  
  44  3:45  Drone x4  
  49  3:48  Overlord  
  49  3:51  Zergling x4  
  49  3:52  Zergling x2  
  52  3:56  Extractor  
  52  3:59  Drone  
  52  4:06  Overlord  
  52  4:08  Drone x2  
  54  4:11  Drone x3  
  54  4:13  Extractor  
  54  4:14  Drone  
  54  4:16  Baneling Nest  
  56  4:21  Spire  
  56  4:23  Drone x3  
  58  4:28  Drone  
  58  4:29  Spore Crawler  
  58  4:30  Overseer  
  58  4:33  Drone x2  
  60  4:42  Overlord  
  60  4:43  Drone  
  61  4:53  Drone x8  
  61  4:56  Overlord  
  69  5:07  Zergling x8  
  69  5:10  Overseer  
  73  5:26  Overlord  
  73  5:28  Mutalisk x6  
  73  5:30  Mutalisk  
  73  5:35  Zergling x10  
  89  5:43  Overlord x3  
  89  5:45  Zergling x2  
  89  5:48  Zergling x2  
  89  5:49  Zergling x4  
  93  5:51  Centrifugal Hooks  
  93  5:52  Zergling x6  
  96  5:59  Mutalisk  
  96  6:03  Zergling x8  
  93  6:09  Mutalisk x2  
  93  6:10  Zergling x2  
  95  6:13  Zergling x6  
  94  6:22  Mutalisk  
  94  6:23  Zergling x10  
  94  6:24  Overseer  
  95  6:25  Zergling x2  
  95  6:26  Zergling x4  
  95  6:32  Mutalisk  
  91  6:35  Zergling x4  
  95  6:40  Zergling x6  
  95  6:43  Zergling x2  
  95  6:45  Zergling x2  
  95  6:46  Zergling x2  
  101  6:50  Zergling x6  
  101  6:54  Zergling x2  
  105  6:55  Baneling  
  105  6:56  Baneling x12  
  105  6:57  Zergling x2  
  105  6:59  Zergling x2  
  105  7:00  Hatchery  
  106  7:02  Evolution Chamber  
  106  7:03  Evolution Chamber  
  106  7:04  Zergling x2  
  106  7:06  Zergling x2  
  106  7:07  Zergling x4  
  106  7:08  Zergling x2  
  109  7:10  Zergling x4  
  109  7:11  Zergling x4  
  112  7:20  Mutalisk x2  
  112  7:21  Zergling x4  
  112  7:22  Zergling x2  
  109  7:25  Zergling x2  
  109  7:29  Zergling x2  
  95  7:32  Mutalisk  
  95  7:36  Zergling x2  
  89  7:37  Drone  
  89  7:38  Drone x3  
  92  7:44  Drone  
  92  7:45  Drone  
  92  7:47  Drone x2  
  92  7:48  Drone  
  92  7:49  Drone  
  98  7:54  Drone  
  98  7:55  Overseer  
  98  7:57  Extractor x2  
  97  7:59  Mutalisk  
  97  8:01  Zergling x2  
  100  8:06  Zergling x2  
  100  8:10  Drone x7  
  108  8:14  Baneling x8  
  108  8:16  Drone x5  
  108  8:19  Queen  
  115  8:22  Overlord x2  
  115  8:24  Mutalisk  
  115  8:26  Baneling x2  
  117  8:28  Zergling x2  
  117  8:30  Baneling x2  
  117  8:32  Extractor  
  105  8:42  Zergling x20  
  105  8:46  Baneling x8  
  115  8:52  Zergling x12  
  119  8:56  Overlord  
  119  8:57  Zergling x4  
  111  9:13  Baneling x6  
Show
View Real Time Build Order
Export as new Build Order

VITMaru Terran - Winner!

Build Orders: Reaper Expand 

Get SALT Encoding   

  12  0:00  SCV  
  13  0:12  SCV  
  14  0:17  Supply Depot  
  14  0:24  SCV  
  15  0:38  SCV  
  15  0:40  Barracks  
  16  0:45  Refinery  
  16  0:50  SCV  
  17  1:02  SCV  
  18  1:15  SCV  
  19  1:27  Orbital Command  
  19  1:28  Reaper  
  20  1:40  Command Center  
  20  1:48  Supply Depot  
  20  1:53  SCV  
  21  1:59  Marine  
  22  2:05  SCV  
  23  2:17  SCV  
  23  2:18  Barracks Reactor  
  24  2:29  SCV  
  25  2:30  Command Center  
  24  2:41  SCV  
  24  2:43  Barracks  
  25  2:52  Orbital Command  
  25  2:53  SCV  
  25  2:55  Marine x2  
  28  3:05  SCV  
  29  3:08  Barracks  
  29  3:12  Marine x2  
  29  3:17  SCV  
  29  3:18  SCV  
  33  3:29  SCV  
  33  3:30  Barracks Tech Lab, Marine x2, SCV  
  37  3:35  Engineering Bay  
  37  3:37  Engineering Bay  
  37  3:41  SCV  
  37  3:42  Orbital Command, SCV  
  37  3:48  Marine x2  
  39  3:51  Stimpack  
  39  3:52  Marine  
  39  3:54  SCV  
  39  3:55  SCV  
  44  4:00  Marine  
  45  4:03  Terran Infantry Weapons Level 1, Terran Infantry Armor Level 1  
  45  4:06  Supply Depot  
  45  4:07  Marine  
  45  4:09  SCV  
  47  4:11  SCV  
  47  4:12  SCV  
  47  4:15  Refinery  
  49  4:19  Marine x3  
  49  4:22  SCV  
  53  4:25  Marine, SCV  
  53  4:26  Refinery  
  55  4:32  Supply Depot  
  55  4:34  Factory  
  55  4:36  SCV x2  
  55  4:37  SCV  
  55  4:38  Marine  
  58  4:39  Marine  
  58  4:40  Marine  
  61  4:48  SCV x2  
  61  4:49  SCV  
  64  4:55  Barracks  
  64  4:56  Barracks  
  64  4:57  Supply Depot  
  64  4:59  Marine x2, Barracks Reactor  
  64  5:00  Marine  
  64  5:01  Orbital Command  
  64  5:04  SCV x2  
  69  5:16  SCV x2  
  69  5:21  Armory  
  71  5:22  Starport  
  71  5:25  Refinery  
  71  5:27  Supply Depot  
  71  5:28  SCV x2  
  73  5:30  Marine x3  
  73  5:32  Factory Reactor  
  73  5:33  SCV  
  77  5:38  Marine  
  77  5:39  Marine  
  77  5:40  SCV  
  80  5:44  Marine x2, Supply Depot  
  80  5:47  Marine  
  80  5:48  Marine  
  80  5:49  Missile Turret  
  84  5:52  Combat Shield  
  84  5:53  Missile Turret  
  84  5:54  Missile Turret  
  84  5:55  SCV  
  85  6:03  Marine x2  
  85  6:04  Marine x3  
  86  6:06  SCV  
  86  6:07  SCV  
  86  6:08  Marine  
  86  6:10  Marine  
  91  6:18  SCV  
  91  6:19  Factory Reactor  
  91  6:21  Marine  
  91  6:22  Medivac x2  
  92  6:28  SCV  
  92  6:30  Terran Infantry Weapons Level 2, Terran Infantry Armor Level 2  
  92  6:31  Marine x2  
  92  6:32  Marine  
  83  6:35  SCV  
  83  6:38  Barracks Reactor x2  
  83  6:40  Marine x2  
  83  6:45  SCV x2  
  83  6:46  Supply Depot  
  87  6:49  Marine x2  
  87  6:50  Marine  
  90  6:56  SCV, Supply Depot  
  90  6:57  SCV x2, Factory  
  90  6:58  Marine x2  
  90  6:59  Widow Mine x2  
  99  7:06  Medivac  
  99  7:07  Marine x2  
  99  7:08  Marine, SCV  
  103  7:09  SCV x2  
  103  7:12  Supply Depot  
  103  7:13  Supply Depot x2  
  103  7:14  Refinery  
  107  7:15  Marine  
  107  7:16  Marine x2  
  107  7:17  Marine x3  
  104  7:24  Widow Mine x2  
  104  7:25  Marine x2  
  104  7:26  Marine  
  97  7:33  Marine x2, SCV x3  
  97  7:34  Marine  
  92  7:37  Supply Depot  
  92  7:38  Medivac x2  
  92  7:40  Factory Tech Lab  
  95  7:45  Marine x2, SCV x2  
  95  7:50  Widow Mine x2, Supply Depot x2  
  103  7:59  Marine x7  
  103  8:01  Drilling Claws  
  103  8:03  Marine x2  
  112  8:06  Widow Mine  
  112  8:07  SCV x2  
  112  8:09  Supply Depot  
  112  8:12  Widow Mine  
  118  8:17  Marine  
  118  8:19  SCV x2  
  122  8:20  SCV  
  122  8:23  Marine x5  
  122  8:24  Marine, Command Center  
  128  8:29  Marine x2  
  128  8:31  SCV  
  131  8:34  Marine  
  131  8:41  Marine x5  
  115  8:42  Marine  
  115  8:43  Widow Mine  
  115  8:47  Widow Mine x2, Marine x2  
  129  8:52  Marine  
  121  8:59  Marine x5  
  121  9:00  Marine  
  131  9:05  Marine x2  
  133  9:10  Marine  
Tags
 
Add a new tag
Caveats
  • Supply blocks, unpowered buildings, or Contaminate may cause inaccurate times.
  • Supply counts are checked every 10 seconds.